 Dungeon Crawl Stone Soup version 0.19.5 (webtiles) character file.

722 Haldmier the Ogre Mage (level 7, -2/67 HPs)
             Began as an Ogre Wizard on May 13, 2017.
             Was an Initiate of Ashenzari.
             Killed from afar by an orc wizard (11 damage)
             ... with a puff of flame
             ... on level 5 of the Dungeon.
             The game lasted 00:21:08 (6164 turns).

Haldmier the Ogre Mage (Ogre Wizard)                Turns: 6164, Time: 00:21:08

Health: -2/67      AC:  3    Str: 15    XL:     7   Next: 71%
Magic:  11/14      EV: 10    Int: 17    God:    Ashenzari [......]
Gold:   313        SH:  0    Dex:  8    Spells: 6 memorised, 3 levels left

rFire  . . .     SeeInvis .     t - +2 dagger (elec)
rCold  . . .     Gourm    .     a - +0 robe
rNeg   . . .     Faith    .     (no shield)
rPois  .         Spirit   .     b - +0 hat
rElec  .         Reflect  .     (no cloak)
rCorr  .         Harm     .     (gloves unavailable)
MR     +....                    (boots unavailable)
Stlth  +.........               (no amulet)
                                (no ring)
                                w - ring of protection from magic

@: no status effects
A: unfitting armour, tough skin 1
a: Curse Item, Renounce Religion


You were on level 5 of the Dungeon.
You worshipped Ashenzari.
Ashenzari was noncommittal.
You were not hungry.

You visited 1 branch of the dungeon, and saw 5 of its levels.

You collected 313 gold pieces.

Inventory:

Hand Weapons
 s - a +0 flail
 t - a +2 dagger of electrocution (weapon)
 u - a +0 halberd
 A - a +0 giant club
 G - a +1 dagger of venom
Missiles
 y - a throwing net
 E - 2 large rocks (quivered)
Armour
 a - a +0 robe (worn)
 b - a +0 hat (worn)
Jewellery
 w - a ring of protection from magic (left hand)
Wands
 l - a wand of polymorph (11/24)
 D - a wand of slowing (11/48)
Scrolls
 e - a scroll of immolation {unknown}
 g - a scroll of fog {unknown}
 j - a scroll of amnesia {unknown}
 k - 2 scrolls of blinking {unknown}
 m - 2 scrolls of magic mapping {unknown}
 n - 4 scrolls of teleportation {unknown}
 x - 2 scrolls of enchant weapon {unknown}
 z - a scroll of remove curse
Potions
 f - a potion of lignification
 i - a potion of cure mutation
 p - a potion of curing
 B - a potion of beneficial mutation {unknown}
 F - a potion of resistance {unknown}
Books
 c - a book of Minor Magic

   Spells                             Type                      Level
   a - Magic Dart                     Conjuration                  1
   b - Blink                          Translocation                2
   c - Call Imp                       Summoning                    2
   d - Repel Missiles                 Charms/Air                   2
   e - Slow                           Hexes                        2
   f - Conjure Flame                  Conjuration/Fire             3
   g - Mephitic Cloud                 Conjuration/Poison/Air       3
 C - a book of Frost

   Spells                             Type                      Level
   a - Freeze                         Ice                          1
   b - Throw Frost                    Conjuration/Ice              2
   c - Ozocubu's Armour               Charms/Ice                   3
   d - Throw Icicle                   Conjuration/Ice              4
   e - Summon Ice Beast               Ice/Summoning                4
Comestibles
 d - 2 bread rations
 v - 3 meat rations


   Skills:
 + Level 3.6 Fighting
 - Level 1.0 Maces & Flails
 - Level 1.7 Dodging
 - Level 1.4 Stealth
 + Level 5.0 Spellcasting
 + Level 2.1 Conjurations
 + Level 1.1 Charms
 + Level 2.0 Summonings
 + Level 2.0 Translocations
 + Level 1.3 Fire Magic
 + Level 1.3 Air Magic
 + Level 1.9 Poison Magic


You had 3 spell levels left.
You knew the following spells:

 Your Spells              Type           Power        Failure   Level  Hunger
a - Magic Dart            Conj           ##..         10%         1    None
b - Blink                 Tloc           N/A          12%         2    #......
c - Call Imp              Summ           ##......     12%         2    #......
d - Conjure Flame         Conj/Fire      ##......     21%         3    ###....
e - Mephitic Cloud        Conj/Pois/Air  ##......     21%         3    ###....
f - Repel Missiles        Chrm/Air       #.....       14%         2    #......


Dungeon Overview and Level Annotations

Branches:
Dungeon (5/15)
 Temple: D:4-7

Altars:
Ashenzari
Dithmenos
Fedhas

Annotations:
D:3 edgar's ghost, amateur HONe


Innate Abilities, Weirdness & Mutations

You are too large for most types of armour.
You have tough skin. (AC +1)


Message History

You hit the orc wizard but do no damage.
The orc wizard is almost dead.
The orc wizard hits you with a dagger of pain!
* * * LOW HITPOINT WARNING * * *
You writhe in agony.
* * * LOW HITPOINT WARNING * * *
You take 7 damage, and have 9/67 hp.
The orc wizard points at you and mumbles some strange words.
The puff of flame misses you.
Casting: Magic Dart
Confirm with . or Enter, or press ? or * to list all spells.
Aiming: Mephitic Cloud
Press: ? - help, Shift-Dir - straight line The ball explodes into a vile cloud!
The stinking cloud engulfs the orc wizard.
The orc wizard is severely wounded.
The orc wizard is engulfed in noxious fumes.
The orc wizard points at you and mumbles some strange words.
The puff of flame hits you!
You die...

.########
.......#####
###
##........oo
..#.#.#..?...#
##.#. #...# ...
##o## #.# #.#
#<#####o##.###
#.....@§§§.....
#######§#.#.###
#.#... ..# .##
#.# .# #.# #
#.# .#


You could see an orc wizard and an orc.

Vanquished Creatures
  An orc warrior (D:4)
  An ogre (D:4)
  3 orc priests (D:4)
  4 orc wizards (D:4)
  Natasha (D:4)
  3 worker ants (D:4)
  Robin (D:3)
  A worker ant zombie (D:4)
  4 gnolls (D:2)
  8 adders
  An adder skeleton (D:4)
  An adder zombie (D:5)
  2 worms
  2 dart slugs
  8 leopard geckos
  10 orcs
  8 giant cockroaches
  16 goblins
  10 hobgoblins
  4 jackals (D:2)
  5 kobolds
  A ball python (D:2)
  8 bats
  6 frilled lizards
  9 rats
  A fungus (D:1)
119 creatures vanquished.

Vanquished Creatures (collateral kills)
  2 goblins (D:2)
  A hobgoblin (D:2)
3 creatures vanquished.

Grand Total: 122 creatures vanquished

Notes
Turn   | Place    | Note
-------+----------+-------------------------------------------
     0 | D:1      | Haldmier the Ogre Wizard began the quest for the Orb.
     0 | D:1      | Reached XP level 1. HP: 16/16 MP: 5/5
   309 | D:1      | Reached skill level 1 in Maces & Flails
   309 | D:1      | Reached XP level 2. HP: 26/26 MP: 0/6
   336 | D:1      | Reached skill level 1 in Fighting
   427 | D:1      | Reached skill level 1 in Conjurations
   579 | D:1      | Reached skill level 4 in Spellcasting
   846 | D:1      | Reached XP level 3. HP: 33/33 MP: 6/8
   850 | D:1      | Learned a level 2 spell: Blink
   853 | D:1      | Learned a level 2 spell: Call Imp
   857 | D:1      | Learned a level 3 spell: Mephitic Cloud
  1412 | D:2      | Reached XP level 4. HP: 39/44 MP: 0/10
  1951 | D:2      | Reached skill level 1 in Summonings
  1997 | D:2      | Reached skill level 1 in Translocations
  1997 | D:2      | Reached XP level 5. HP: 40/50 MP: 11/11
  2003 | D:2      | Learned a level 3 spell: Conjure Flame
  2530 | D:3      | Noticed edgar's ghost (amateur HONe)
  2960 | D:3      | Noticed Robin
  3407 | D:1      | Reached skill level 1 in Poison Magic
  3758 | D:3      | Killed Robin
  3979 | D:3      | Found a blossoming altar of Fedhas.
  4159 | D:3      | Found a shattered altar of Ashenzari.
  4169 | D:3      | Became a worshipper of Ashenzari the Shackled
  4447 | D:4      | Reached XP level 6. HP: 54/61 MP: 12/12
  4504 | D:4      | Learned a level 2 spell: Repel Missiles
  4641 | D:4      | Found a shadowy altar of Dithmenos.
  4923 | D:4      | Noticed Natasha
  4981 | D:4      | Killed Natasha
  4981 | D:4      | Reached skill level 1 in Fire Magic
  5121 | D:4      | Reached XP level 7. HP: 65/67 MP: 14/14
  5681 | D:4      | Reached skill level 1 in Air Magic
  5683 | D:4      | Reached skill level 1 in Charms
  5746 | D:4      | Reached skill level 5 in Spellcasting
  6109 | D:5      | Entered Level 5 of the Dungeon
  6164 | D:5      | Killed from afar by an orc wizard

Skill      XL: |  1  2  3  4  5  6  7 |
---------------+----------------------+-----
Maces & Flails | 1 |  1.0
Fighting       | 1 2 3 |  3.6
Conjurations   | 1 2 |  2.1
Spellcasting   | 4 5 |  5.0
Summonings     | 1 2 |  2.0
Translocations | 1 2 |  2.0
Poison Magic   | 1 |  1.9
Fire Magic     | 1 |  1.3
Air Magic      | 1 |  1.3
Charms         | 1 |  1.1
Dodging        | |  1.7
Stealth        | |  1.4

Action                   |  1- 3 |  4- 6 |  7- 9 || total
-------------------------+-------+-------+-------++-------
Melee: Unarmed           |    12 |     4 |       ||    16
       Dagger            |    56 |   188 |    81 ||   325
 Cast: Magic Dart        |    72 |    31 |    13 ||   116
       Call Imp          |       |     3 |       ||     3
       Blink             |       |     2 |       ||     2
       Mephitic Cloud    |       |     4 |     4 ||     8
       Conjure Flame     |       |     1 |     1 ||     2
  Use: Scroll            |       |       |     5 ||     5
 Stab: Confused          |       |     1 |     1 ||     2
       Sleeping          |       |     1 |       ||     1
  Eat: Chunk             |     2 |    12 |     4 ||    18
Armor: Robe              |    15 |    32 |    15 ||    62
       Skin              |       |     2 |       ||     2
Dodge: Dodged            |    30 |   107 |    37 ||   174
